AoeStats
← Mokute

African Clearing

504156537Analyzed
4v4 RM · 28d ago on Sep 4, 2026· 25m 14s· 8 players
Game mode
Random Map
Map size
Large (8 player)
Population
200
Speed
Normal
Resources
Standard
Victory
Conquest
Starting age
Dark Age
Ending age
Imperial Age
RankedLock teamsTeams togetherTeam positionsShared explorationLock speedFull tech treeHidden civsTurbo modeCheats
Victory
Defeat
🇺🇸 Cumans · United States
1047
+13
🇲🇽 Persians · Mexico
1046
+13
🇺🇸 Koreans · United States
1008
+15
🇺🇸 Huns · United States
920
+19
🇨🇳 Mongols · China
1030
-17
🇯🇵 Inca · Japan
977
-30
🇦🇷 Goths · Argentina
953
-14
953
-14
quiet_squirrel22
4:09 Loom
14:10 Feudal Age
15:00 Double-Bit Axe
14:59 Horse Collar
16:30 Wheelbarrow
15:43 Town Watch
22:36 Castle Age
24:27 Town Patrol
24:42 Hand Cart
HUGO BOSS
5:37 Loom
13:09 Feudal Age
13:45 Double-Bit Axe
18:14 Gold Mining
20:59 Castle Age
20:48 Bloodlines
22:07 Wheelbarrow
23:02 Hand Cart
22:34 Town Watch
24:19 Scale Barding Armor
24:24 Forging
mgaitaniella
15:05 Feudal Age
13:22 Loom
18:44 Wheelbarrow
18:11 Town Watch
22:22 Castle Age
fatmuddybear
11:20 Loom
13:18 Feudal Age
17:46 Castle Age
19:17 Double-Bit Axe
19:43 Scale Barding Armor
19:49 Forging
20:48 Bloodlines
22:11 Loom
22:59 Town Watch
25:06 Wheelbarrow
AGGM
8:54 Loom
15:09 Feudal Age
20:14 Castle Age
18:07 Horse Collar
19:16 Stone Mining
19:17 Gold Mining
19:29 Double-Bit Axe
Mokute
15:13 Feudal Age
大草原畜牧
7:57 Loom
18:00 Feudal Age
19:16 Horse Collar
21:56 Castle Age
伐伐伐伐伐伐 伐木工
6:45 Loom
17:38 Feudal Age
23:56 Castle Age
Connection lost

Rejoining the realm…

Still unreachable

The connection could not be restored.

Session expired

The server has moved on; the page needs a fresh start.